 Dungeon Crawl Stone Soup version 0.20.0-6-gd3061e9 (webtiles) character file.

123188 Gorglomux the Fencer (level 16, -2/125 HPs)
             Began as a Demonspawn Berserker on May 28, 2017.
             Was the Champion of Trog.
             Succumbed to a redback's poison
             ... on level 1 of the Spider Nest.
             The game lasted 00:43:57 (24893 turns).

Gorglomux the Fencer (Demonspawn Berserker)        Turns: 24893, Time: 00:43:57

Health: -2/125     AC: 18    Str: 18    XL:     16   Next: 36%
Magic:  13/16      EV: 20    Int:  9    God:    Trog [******]
Gold:   536        SH:  0    Dex: 19    Spells: 15/15 levels left

rFire    + . .     SeeInvis .   a - +9 great sword (flame) {god gift}
rCold    + . .     Gourm    .   (shield currently unavailable)
rNeg     . . .     Faith    +   j - +2 scale mail {rPois}
rPois    +         Spirit   +   o - +1 helmet
rElec    .         Reflect  .   f - scarf {rC+ rF+}
rCorr    +         Harm     .   (gloves unavailable)
MR       +....                  (no boots)
Stlth    ..........             v - amulet of faith
Regen    0.3/turn               y - +3 ring of slaying
MPRegen  0.3/turn               g - ring of resist corrosion

@: lethally poisoned (-2 -> -52), berserk cooldown, starving, slowed, studying
Armour, very slow
A: claws 3, iridescent scales 2, powered by death 2, magic shield, magic
regeneration, magic link
a: Berserk, Trog's Hand, Brothers in Arms, Burn Spellbooks, Renounce Religion


You were on level 1 of the Spider Nest.
You worshipped Trog.
Trog was exalted by your worship.
You were starving.

You visited 4 branches of the dungeon, and saw 25 of its levels.
You also visited: Sewer, Bailey and Volcano.

You collected 3054 gold pieces.
You spent 2518 gold pieces at shops.

Inventory:

Hand Weapons
 a - a +9 great sword of flaming (weapon) {god gift}
 b - a +2 antimagic triple sword {god gift}
 w - a cursed -1 giant club
Missiles
 Z - a throwing net (quivered)
Armour
 f - a scarf of resistance (worn)
 j - a +2 scale mail of poison resistance (worn)
 o - a +1 helmet (worn)
 E - +5 fire dragon scales
Jewellery
 c - an uncursed ring of protection from cold
 g - a ring of resist corrosion (right claw)
 l - an uncursed ring of flight
 v - an amulet of faith (around neck)
 y - a +3 ring of slaying (left claw)
Wands
 d - a wand of iceblast (10/15)
 m - a wand of lightning (4/15)
 r - a wand of digging (16/24)
 A - a wand of acid (9/15)
 D - a wand of digging (13/24)
 F - a wand of acid (6/15)
 K - a wand of lightning (8/15)
 L - a wand of lightning (6/15)
Scrolls
 e - a scroll of summoning
 t - a scroll of noise {unknown}
 u - 4 scrolls of fog
 B - 3 scrolls of blinking
 J - a scroll of torment {unknown}
 M - 3 scrolls of magic mapping
 O - 2 scrolls of enchant weapon
 R - 3 scrolls of identify
 S - 5 scrolls of remove curse
 T - 12 scrolls of teleportation
 U - a scroll of fear
 Y - 5 scrolls of recharging
Potions
 h - 2 potions of ambrosia
 k - a potion of cancellation
 n - a potion of magic
 p - 3 potions of might
 q - 2 potions of lignification
 s - a potion of resistance
 C - 5 potions of haste
 I - a potion of degeneration {unknown}
 P - 3 potions of invisibility
 Q - 7 potions of curing
 V - 5 potions of flight
Books
 G - a manual of Armour
Miscellaneous
 W - a sack of spiders
 X - a phial of floods
Comestibles
 i - 7 bread rations
 z - 14 meat rations
 H - 28 fruits
 N - 3 royal jellies


   Skills:
 + Level 11.1 Fighting
 + Level 16.0 Long Blades
 + Level 14.2 Armour
 + Level 13.9 Dodging


You had 15 spell levels left.
You didn't know any spells.

Dungeon Overview and Level Annotations

Branches:
Dungeon (15/15)            Temple (0/1) D:4            Lair (6/6) D:8
 Shoals (0/4) Lair:2       Spider (2/4) Lair:4        Slime (0/5) Lair:5
    Orc (2/2) D:10            Elf (0/3) Orc:2        Vaults (0/5) D:14
 Depths (0/5) D:15

Altars:
Ashenzari
Cheibriados
Elyvilon
Hepliaklqana
Nemelex Xobeh
Sif Muna
Xom
Zin
Beogh

Shops:
D:12 [   D:13 }   Orc:2 *:([

Annotations:
D:8 1 runed door
Lair:5 exclusion: 2 oklob plants
Lair:6 exclusion: oklob plant


Innate Abilities, Weirdness & Mutations

You have claws for hands.
You are mostly covered in iridescent scales. (AC +4)
You regenerate health from kills.
When hurt, damage is shared between your health and your magic reserves.
You regenerate magic rapidly.
When low on magic, you restore magic in place of health.


Message History

* * * LOW HITPOINT WARNING * * *
You feel sick.
The redback bites you but does no damage.
You slash the redback! You burn the redback.
You kill the redback!
Trog accepts your kill.
* * * LOW HITPOINT WARNING * * *
You feel very sick.
You are too berserk!
* * * LOW HITPOINT WARNING * * *
You feel very sick.
You are too berserk!
You are too berserk!
You feel a strong urge to attack something.
* * * LOW HITPOINT WARNING * * *
You feel sick.
You are no longer berserk.
You are exhausted.
You feel yourself slow down.
You die...

### ##.## #...## #...≈#
###†...#### ##≈.@......#
###≈≈#.†.....#
##.≈≈≈.....#######
###..≈.......#...#.#
####≈...#≈.....##.....#
##≈≈≈.....≈#....^.....##
#≈#≈≈#.....≈.........##
#≈≈≈≈≈.....#.........####
##
#≈#≈≈≈###..#.....#####..##


There were no monsters in sight!

Vanquished Creatures
  A tentacled monstrosity (D:13)
  Kirke (D:13)
  2 very ugly things (D:13)
  An entropy weaver (Spider:1)
  A dire elephant (D:15)
  Snorg (D:13)
  2 fire dragons
  A great orb of eyes (D:15)
  8 hydras
  8 vault guards (D:14)
  A catoblepas (Lair:4)
  2 centaur warriors
  21 two-headed ogres
  6 ogre magi
  Nergalle (Orc:1)
  Urug (Lair:5)
  Sonja (Lair:4)
  The ghost of Monsterracer the Grappler, a novice NaTm of Cheibriados (D:9)
  2 unseen horrors
  2 lindwurms
  An orc knight (Bailey)
  3 orb spiders (Spider:1)
  An orc sorcerer (Orc:2)
  6 wolf spiders
  4 manticores
  3 deep elf magi
  8 cyclopes
  10 ugly things (D:14)
  Joseph (D:9)
  3 black mambas
  A gargoyle (D:14)
  Maurice (Orc:1)
  14 spiny frogs
  5 torpor snails
  5 yaktaurs (D:15)
  A rime drake (Lair:1)
  3 komodo dragons
  4 demonic crawlers
  4 trolls
  2 tengu conjurers (D:15)
  A queen bee (D:10)
  A tyrant leech (Lair:6)
  The ghost of Gorglomux the Skirmisher, an amateur DsBe of Trog (D:4)
  Grinder (D:5)
  7 hornets
  5 jumping spiders (Spider:1)
  A raiju (Lair:6)
  12 polar bears
  3 slime creatures (D:15)
  8 hippogriffs
  14 blink frogs
  A large abomination (D:13)
  A shadow (D:14)
  Sigmund (D:2)
  11 redbacks
  5 tarantellas
  2 hogs (D:13)
  62 yaks
  4 wyverns
  2 fire bats (Volcano)
  Eustachio (D:6)
  3 chaos spawn (D:13)
  4 hungry ghosts
  A steam dragon (Volcano)
  4 vampire mosquitoes
  7 wargs
  Edmund (D:5)
  A neqoxec (D:13)
  An acid dragon (D:8)
  8 water moccasins
  16 hell hounds
  8 porcupines
  A swamp drake (Lair:1)
  11 black bears (Lair:6)
  8 sky beasts
  3 phantoms
  12 ice beasts
  2 necrophages
  22 orc warriors
  35 ogres
  14 centaurs
  13 wolves (Lair:6)
  15 crocodiles
  5 small abominations (D:13)
  4 big kobolds
  Blork the orc (D:5)
  22 bullfrogs
  A gnoll sergeant (D:7)
  A water moccasin skeleton (D:10)
  4 scorpions
  29 killer bees
  7 wights
  4 howler monkeys
  An electric eel (Lair:2)
  2 jellies
  6 crimson imps
  A centaur zombie (D:7)
  A quasit (D:15)
  6 hounds
  4 bullfrog zombies
  6 centaur skeletons
  5 iguanas
  17 orc priests
  Crazy Yiuf (D:2)
  Ijyb (D:3)
  Natasha (thrice) (D:3)
  28 orc wizards
  10 worker ants
  A killer bee zombie (D:9)
  A hound skeleton (D:5)
  A worker ant zombie (D:5)
  A howler monkey skeleton (D:11)
  11 adders
  8 gnolls
  6 river rats
  5 shadow imps
  An ooze (D:1)
  An adder skeleton (D:8)
  An adder zombie (D:6)
  4 worms
  3 dart slugs
  9 leopard geckos
  82 orcs
  11 giant cockroaches
  10 goblins
  11 hobgoblins
  7 jackals
  6 quokkas
  2 ball pythons
  A ball python skeleton (D:5)
  10 bats
  4 frilled lizards
  A jackal skeleton (D:8)
  30 kobolds
  7 rats
  A butterfly (Lair:4)
  4 plants
888 creatures vanquished.

Vanquished Creatures (collateral kills)
  Fannar (Lair:1)
  3 skeletal warriors (D:12)
  An orb spider (Spider:2)
  A torpor snail (Lair:6)
  A jumping spider (Spider:2)
  3 tyrant leeches (Lair:6)
  A hornet (Lair:6)
  3 tarantellas (Spider:2)
  A redback (Spider:2)
  A basilisk (Lair:1)
  A centaur (D:12)
  An iguana (D:12)
18 creatures vanquished.

Vanquished Creatures (others)
  A fungus (Lair:2)
  11 plants (Lair:6)
12 creatures vanquished.

Grand Total: 918 creatures vanquished

Notes
Turn   | Place    | Note
-------+----------+-------------------------------------------
     0 | D:1      | Gorglomux the Demonspawn Berserker began the quest for the Orb.
     0 | D:1      | Reached XP level 1. HP: 18/18 MP: 1/1
   233 | D:1      | Reached skill level 3 in Long Blades
   244 | D:1      | Gained mutation: You regenerate a little health from kills. [demonic ancestry]
   244 | D:1      | Reached XP level 2. HP: 21/24 MP: 2/2
   502 | D:1      | Reached ** piety under Trog
   531 | D:1      | Reached XP level 3. HP: 27/29 MP: 3/3
  1158 | D:2      | Noticed Sigmund
  1171 | D:2      | Killed Sigmund
  1171 | D:2      | Reached skill level 4 in Long Blades
  1171 | D:2      | Reached XP level 4. HP: 16/38 MP: 4/4
  1171 | D:2      | Gained mutation: When hurt, damage is shared between your health and your magic reserves. [demonic ancestry]
  1171 | D:2      | Reached XP level 5. HP: 18/43 MP: 5/5
  1815 | D:2      | Found a runed door.
  2000 | D:2      | Reached XP level 6. HP: 17/51 MP: 2/6
  2268 | D:2      | Noticed Crazy Yiuf
  2278 | D:2      | Killed Crazy Yiuf
  2278 | D:2      | Reached skill level 5 in Long Blades
  2627 | D:3      | Noticed Natasha
  2629 | D:3      | Killed Natasha
  2770 | D:3      | Noticed Natasha
  2778 | D:3      | Killed Natasha
  2855 | D:3      | Noticed Ijyb
  2857 | D:3      | Noticed Natasha
  2871 | D:3      | Killed Ijyb
  2871 | D:3      | Reached skill level 6 in Fighting
  2871 | D:3      | Gained mutation: You have sharp fingernails. [demonic ancestry]
  2871 | D:3      | Reached XP level 7. HP: 51/58 MP: 5/7
  2886 | D:3      | Killed Natasha
  3362 | D:4      | Found a shattered altar of Ashenzari.
  3419 | D:4      | Found a staircase to the Ecumenical Temple.
  3534 | D:4      | Noticed Gorglomux's ghost (amateur DsBe)
  3553 | D:4      | Killed Gorglomux's ghost
  3553 | D:4      | Reached skill level 6 in Long Blades
  3724 | D:4      | Found a snail-covered altar of Cheibriados.
  3836 | D:4      | Reached *** piety under Trog
  4085 | D:5      | Entered Level 5 of the Dungeon
  4134 | D:5      | Gained mutation: You are partially covered in iridescent scales. (AC +2) [demonic ancestry]
  4134 | D:5      | Reached XP level 8. HP: 45/67 MP: 6/8
  4304 | D:5      | Noticed Grinder
  4319 | D:5      | Killed Grinder
  4319 | D:5      | Reached skill level 7 in Long Blades
  4581 | D:5      | Noticed Blork the orc
  4588 | D:5      | Killed Blork the orc
  4685 | D:5      | Noticed Edmund
  4709 | D:5      | Killed Edmund
  4850 | D:5      | Reached skill level 8 in Long Blades
  5085 | D:6      | Gained mutation: You regenerate health from kills. [demonic ancestry]
  5085 | D:6      | Reached XP level 9. HP: 45/75 MP: 4/9
  5166 | D:6      | Noticed Eustachio
  5177 | D:6      | Killed Eustachio
  5177 | D:6      | Reached skill level 9 in Fighting
  5412 | D:6      | Found a glowing drain.
  5418 | Sewer    | Entered a sewer
  5543 | Sewer    | Found a white marble altar of Elyvilon.
  5646 | D:6      | Reached **** piety under Trog
  6109 | D:6      | Found a deep blue altar of Sif Muna.
  6190 | D:7      | Reached skill level 9 in Long Blades
  6656 | D:7      | Found a hazy altar of Hepliaklqana.
  7030 | D:7      | Gained mutation: You regenerate magic rapidly. [demonic ancestry]
  7030 | D:7      | Reached XP level 10. HP: 74/86 MP: 8/10
  7412 | D:8      | Reached skill level 10 in Long Blades
  7438 | D:8      | Reached ***** piety under Trog
  7554 | D:8      | Found a flagged portal.
  7651 | Bailey   | Entered a bailey
  7843 | Bailey   | Noticed an orc knight
  7882 | Bailey   | Killed an orc knight
  7911 | Bailey   | Reached skill level 3 in Armour
  7911 | Bailey   | Reached skill level 3 in Dodging
  7961 | Bailey   | Found a burning altar of Makhleb.
  8049 | D:8      | Found a glowing silver altar of Zin.
  8056 | D:8      | Found a runed door.
  8056 | D:8      | Noticed an angel
  8077 | D:8      | Found a hazy altar of Hepliaklqana.
  8156 | D:8      | Found a sparkling altar of Nemelex Xobeh.
  8540 | D:8      | Found a staircase to the Lair.
  8737 | D:9      | Noticed Monsterracer's ghost (novice NaTm)
  8789 | D:9      | Killed Monsterracer's ghost
  9072 | D:9      | Found a white marble altar of Elyvilon.
  9420 | D:9      | Noticed Joseph
  9455 | D:9      | Killed Joseph
  9455 | D:9      | Gained mutation: You are mostly covered in iridescent scales. (AC +4) [demonic ancestry]
  9455 | D:9      | Reached XP level 11. HP: 54/92 MP: 8/11
  9510 | D:9      | Found a glowing silver altar of Zin.
  9803 | D:10     | Entered Level 10 of the Dungeon
 10003 | D:10     | Reached ****** piety under Trog
 10129 | D:10     | Reached skill level 11 in Long Blades
 10204 | D:10     | Found a staircase to the Orcish Mines.
 10327 | D:10     | Reached skill level 6 in Armour
 10539 | D:10     | You fall through a shaft for 2 floors!
 10539 | D:12     | Found Butif's Armour Emporium.
 10546 | D:12     | Reached skill level 6 in Dodging
 10591 | D:12     | Noticed a skeletal warrior
 10592 | D:12     | Noticed a skeletal warrior
 10594 | D:12     | Noticed a skeletal warrior
 10621 | D:12     | Killed a skeletal warrior
 10625 | D:12     | Killed a skeletal warrior
 10628 | D:12     | Killed a skeletal warrior
 10716 | D:11     | Found a labyrinth entrance.
 10781 | D:11     | Received a gift from Trog
 11898 | D:10     | Noticed a two-headed ogre
 11905 | D:10     | Killed a two-headed ogre
 11906 | D:10     | Gained mutation: You have very sharp fingernails. [demonic ancestry]
 11906 | D:10     | Reached XP level 12. HP: 98/98 MP: 12/12
 12386 | Lair:1   | Entered Level 1 of the Lair of Beasts
 12489 | Lair:1   | Reached skill level 12 in Long Blades
 12555 | Lair:1   | Noticed an eight-headed hydra
 12555 | Lair:1   | Noticed Fannar
 12567 | Lair:1   | Killed Fannar
 12572 | Lair:1   | Killed a five-headed hydra
 13321 | Lair:2   | Noticed an eight-headed hydra
 13327 | Lair:2   | Killed a six-headed hydra
 13439 | Lair:2   | Found a staircase to the Shoals.
 13443 | Lair:2   | Received a gift from Trog
 13678 | Lair:2   | Noticed a five-headed hydra
 13685 | Lair:2   | Killed a one-headed hydra
 13974 | Lair:2   | Reached skill level 9 in Armour
 13974 | Lair:2   | Reached skill level 9 in Dodging
 14194 | Lair:3   | Noticed a five-headed hydra
 14202 | Lair:3   | Killed a one-headed hydra
 14670 | Lair:3   | Found a dark tunnel.
 14676 | Volcano  | Entered a volcano
 14770 | Volcano  | Noticed a fire dragon
 14780 | Volcano  | Killed a fire dragon
 14780 | Volcano  | Reached XP level 13. HP: 103/103 MP: 11/13
 15407 | Lair:4   | Noticed Sonja
 15414 | Lair:4   | Reached skill level 13 in Long Blades
 15439 | Lair:4   | Killed Sonja
 15862 | Lair:4   | Found a hole to the Spider Nest.
 16083 | Lair:5   | Received a gift from Trog
 16208 | Lair:5   | Found a shimmering altar of Xom.
 16225 | Lair:5   | Noticed Urug
 16235 | Lair:5   | Killed Urug
 16692 | Lair:5   | Found a staircase to the Slime Pits.
 16910 | Lair:6   | Entered Level 6 of the Lair of Beasts
 17257 | Lair:6   | Found a runed door.
 17308 | Lair:6   | Reached XP level 14. HP: 82/110 MP: 8/14
 17372 | Lair:6   | Received a gift from Trog
 17672 | Lair:6   | Reached skill level 14 in Long Blades
 19123 | D:13     | Received a gift from Trog
 19155 | D:13     | Found Qiyckess's Gadget Shop.
 19189 | D:13     | Noticed Snorg
 19203 | D:13     | Killed Snorg
 19284 | D:13     | Noticed Kirke
 19293 | D:13     | Killed Kirke
 19641 | D:13     | Found a runed door.
 19747 | D:13     | Noticed a tentacled monstrosity
 19792 | D:13     | Killed a tentacled monstrosity
 19894 | D:13     | Reached skill level 12 in Armour
 19894 | D:13     | Reached skill level 12 in Dodging
 19957 | D:13     | Noticed a green very ugly thing
 19962 | D:13     | Killed a green very ugly thing
 20012 | D:13     | Noticed a brown very ugly thing
 20020 | D:13     | Killed a brown very ugly thing
 20386 | D:14     | Received a gift from Trog
 20391 | D:14     | Gained mutation: You have claws for hands. [demonic ancestry]
 20391 | D:14     | Reached XP level 15. HP: 117/117 MP: 13/15
 20632 | D:14     | Reached skill level 15 in Long Blades
 20867 | D:14     | Found a gate to the Vaults.
 20897 | D:14     | Found a snail-covered altar of Cheibriados.
 21349 | D:15     | Entered Level 15 of the Dungeon
 21694 | D:15     | Found a staircase to the Depths.
 22164 | D:15     | Received a gift from Trog
 22432 | Orc:1    | Entered Level 1 of the Orcish Mines
 22435 | Orc:1    | Noticed Maurice
 22441 | Orc:1    | Noticed Nergalle
 22441 | Orc:1    | Killed Maurice
 22451 | Orc:1    | Killed Nergalle
 22582 | Orc:2    | Entered Level 2 of the Orcish Mines
 22756 | Orc:2    | Found a roughly hewn altar of Beogh.
 22851 | Orc:2    | Found a staircase to the Elven Halls.
 22867 | Orc:2    | Found Dukeesy's Antique Weapon Boutique.
 22867 | Orc:2    | Found Joaruyruity's Armour Emporium.
 22868 | Orc:2    | Found Intab's Assorted Antiques.
 22868 | Orc:2    | Found Luumun's Book Boutique.
 22873 | Orc:2    | Gained mutation: When low on magic, you restore magic in place of health. [demonic ancestry]
 22873 | Orc:2    | Reached XP level 16. HP: 124/124 MP: 11/16
 22873 | Orc:2    | Received a gift from Trog
 22942 | Orc:2    | Bought a scroll labeled SANOMO WAOSEMP for 24 gold pieces
 22942 | Orc:2    | Bought a scroll of enchant armour for 180 gold pieces
 22942 | Orc:2    | Bought a potion of might for 96 gold pieces
 22942 | Orc:2    | Bought a potion of curing for 72 gold pieces
 22944 | Orc:2    | Bought a manual of Armour for 1876 gold pieces
 23277 | Orc:2    | Received a gift from Trog
 23464 | Orc:2    | Bought a +2 scale mail of poison resistance for 270 gold pieces
 23755 | Spider:1 | Entered Level 1 of the Spider Nest
 24228 | Spider:1 | Reached skill level 16 in Long Blades
 24888 | Spider:1 | HP: 9/187 [poisoned by a redback]
 24891 | Spider:1 | HP: 2/187 [poisoned by a redback]
 24893 | Spider:1 | Succumbed to a redback's poison

Skill      XL: |  1  2  3  4  5  6  7  8  9 10 11 12 13 14 15 16 |
---------------+-------------------------------------------------+-----
Long Blades    | 3 4 5 6 8 9 10 11 12 13 14 15 16 | 16.0
Fighting       | 4 5 6 7 8 10 11 | 11.1
Armour         | 5 7 9 10 12 13 14 | 14.2
Dodging        | 4 7 9 10 12 13 | 13.9

Action                   |  1- 3 |  4- 6 |  7- 9 | 10-12 | 13-15 | 16-18 || total
-------------------------+-------+-------+-------+-------+-------+-------++-------
Melee: Falchion          |    99 |   148 |   821 |   770 |       |       ||  1838
       Great sword       |       |       |       |   273 |   946 |   139 ||  1358
       Triple sword      |       |       |       |       |       |    12 ||    12
Throw: Tomahawk          |       |       |       |    15 |       |       ||    15
Invok: Berserk           |     1 |     5 |    14 |    11 |    11 |     1 ||    43
       Trog's Hand       |     1 |     3 |     2 |     3 |     4 |     1 ||    14
       Burn Spellbooks   |       |       |     1 |       |     4 |       ||     5
       Brothers in Arms  |       |       |       |     3 |     2 |     1 ||     6
Evoke: Wand              |       |       |       |       |     2 |       ||     2
  Use: Scroll            |       |       |     7 |     8 |    22 |     2 ||    39
       Potion            |       |       |       |     1 |     1 |     2 ||     4
 Stab: Sleeping          |     3 |       |       |       |       |       ||     3
       Distracted        |       |       |       |     1 |       |       ||     1
  Eat: Chunk             |     1 |    12 |    36 |    37 |    28 |     7 ||   121
       Royal jelly       |       |       |     1 |     1 |     5 |       ||     7
       Meat ration       |       |       |       |     1 |     1 |       ||     2
Armor: Animal skin       |    10 |       |       |       |       |       ||    10
       Ring mail         |    12 |    33 |       |       |       |       ||    45
       Chain mail        |       |    13 |   526 |   664 |   329 |       ||  1532
       Fire dragon scale |       |       |       |       |   245 |    12 ||   257
       Scale mail        |       |       |       |       |       |    84 ||    84
Dodge: Dodged            |    60 |    88 |   269 |   572 |   955 |   226 ||  2170
       Rpst.: Falchion   |    24 |    23 |    82 |    80 |       |       ||   209
       Great sword       |       |       |       |    68 |   238 |    36 ||   342
       Triple sword      |       |       |       |       |       |     2 ||     2
